AoeStats
← 散步黑鵝

Oasis

510066876Analyzed
4v4 RM · 2d ago on Sep 29, 2026· 40m 51s· 8 players
Game mode
Random Map
Map size
Large (8 player)
Population
200
Speed
Normal
Resources
Standard
Victory
Conquest
Starting age
Dark Age
Ending age
Imperial Age
RankedLock teamsTeams togetherTeam positionsShared explorationLock speedFull tech treeHidden civsTurbo modeCheats
Victory
Defeat
🇹🇼 Persians · Taiwan
2049
+3
🇹🇼 Britons · Taiwan
2032
+4
🇹🇼 Varangians · Taiwan
2004
+4
🇹🇼 Maya · Taiwan
1983
+4
🇨🇳 Mongols · China
1803
-6
🇻🇳 Burmese · Vietnam
1754
-5
🇮🇳 Koreans · India
1579
-2
🇧🇪 Magyars · Belgium
1537
-2
ANKR.Navvy
0:25 Loom
10:02 Feudal Age
13:09 Double-Bit Axe
15:07 Padded Archer Armor
14:58 Fletching
20:58 Castle Age
19:18 Gold Mining
19:44 Horse Collar
21:01 Wheelbarrow
21:04 Crossbowman
21:39 Bodkin Arrow
22:47 Bow Saw
22:40 Heavy Plow
30:04 Imperial Age
28:39 Ballistics
28:21 Padded Archer Armor
31:02 Bracer
34:04 Chemistry
33:56 Arbalester
37:18 Thumb Ring
38:02 Leather Archer Armor
39:19 Hand Cart
38:57 Capped Ram
40:17 Ring Archer Armor
40:21 Scale Mail Armor
G-Dragon
8:53 Feudal Age
10:01 Double-Bit Axe
10:17 Horse Collar
11:06 Loom
14:28 Bloodlines
16:39 Wheelbarrow
16:33 Scale Barding Armor
19:08 Gold Mining
21:31 Castle Age
19:32 Stone Mining
20:10 Forging
22:14 Husbandry
22:25 Bow Saw
22:39 Chain Barding Armor
22:27 Heavy Plow
23:18 Hand Cart
25:14 Iron Casting
32:31 Stone Shaft Mining
32:48 Town Watch
35:43 Imperial Age
33:34 Fletching
37:28 Two-Man Saw
36:59 Crop Rotation
37:43 Blast Furnace
37:21 Conscription
38:19 Plate Barding Armor
37:25 Elite Jarl
38:42 Ballistics
38:18 Bodkin Arrow
38:43 Caravan
38:28 Treadmill Crane
38:59 Masonry
40:14 Chemistry
39:02 Treadmill Crane
40:34 Guilds
40:55 Coinage
39:59 Light Cavalry
40:40 Bracer
41:44 Chemistry
Rayz
8:56 Feudal Age
9:22 Double-Bit Axe
12:33 Bloodlines
13:39 Horse Collar
16:45 Wheelbarrow
19:21 Castle Age
20:07 Bow Saw
19:58 Heavy Plow
23:56 Hand Cart
25:13 Stone Mining
26:25 Gold Mining
31:48 Imperial Age
29:06 Loom
30:00 Stone Shaft Mining
30:01 Gold Shaft Mining
30:27 Scale Barding Armor
31:38 Chain Barding Armor
32:35 Guilds
32:58 Crop Rotation
33:29 Two-Man Saw
32:04 Elite War Elephant
33:05 Conscription
32:59 Husbandry
33:10 Forging
34:12 Plate Barding Armor
35:03 Iron Casting
35:09 Iron Casting
35:17 Scale Mail Armor
37:01 Blast Furnace
37:12 Caravan
散步黑鵝
6:56 Loom
9:16 Feudal Age
13:08 Double-Bit Axe
19:39 Castle Age
19:28 Horse Collar
20:41 Bow Saw
21:42 Wheelbarrow
29:47 Imperial Age
27:37 Stone Mining
27:41 Gold Mining
28:20 Heavy Plow
30:05 Ballistics
29:37 Fletching
30:55 Siege Engineers
31:43 Gold Shaft Mining
32:50 Warwolf
33:11 Caravan
33:53 Bodkin Arrow
35:09 Yeomen
35:11 Bracer
36:20 Padded Archer Armor
37:22 Chemistry
36:46 Elite Longbowman
38:25 Conscription
38:29 Leather Archer Armor
38:38 Hand Cart
39:57 Masonry
39:27 Treadmill Crane
40:28 Ring Archer Armor
40:59 Two-Man Saw
Baby
6:58 Loom
9:31 Feudal Age
10:26 Double-Bit Axe
10:22 Horse Collar
16:08 Town Watch
17:04 Wheelbarrow
21:09 Castle Age
20:47 Gold Mining
21:32 Town Watch
22:45 Bow Saw
23:14 Forging
22:54 Fletching
30:16 Bodkin Arrow
30:26 Stone Mining
33:45 Imperial Age
31:33 Eupseong
31:23 Treadmill Crane
32:06 Ballistics
31:59 Masonry
31:31 Treadmill Crane
32:54 Gold Shaft Mining
33:09 Stone Shaft Mining
33:30 Ballistics
32:47 Elite Skirmisher
34:15 Thumb Ring
34:47 Bracer
35:50 Chemistry
35:25 Sanctity
37:17 Block Printing
37:12 Fervor
爱人跟人走
8:10 Feudal Age
8:23 Man-at-Arms
11:08 Loom
11:36 Scale Mail Armor
12:20 Double-Bit Axe
13:23 Horse Collar
18:58 Castle Age
17:23 Scale Barding Armor
17:34 Gold Mining
18:48 Bloodlines
20:08 Wheelbarrow
21:05 Husbandry
23:15 Bow Saw
24:45 Heavy Plow
33:45 Imperial Age
31:56 Fletching
32:28 Ballistics
32:03 Stone Mining
32:37 Hand Cart
33:15 Bodkin Arrow
34:23 Padded Archer Armor
35:03 Gold Shaft Mining
34:38 Elite Mangudai
35:47 Bracer
35:59 Thumb Ring
37:26 Leather Archer Armor
37:38 Parthian Tactics
38:13 Hoardings
38:02 Conscription
39:06 Chemistry
39:45 Masonry
Ngoam_____
7:10 Loom
9:20 Feudal Age
9:31 Man-at-Arms
11:48 Horse Collar
15:17 Fletching
16:06 Padded Archer Armor
21:52 Castle Age
29:02 Town Watch
31:35 Wheelbarrow
36:16 Imperial Age
34:39 Scale Barding Armor
34:45 Forging
35:26 Husbandry
35:37 Bloodlines
belgawizard
9:23 Feudal Age
10:04 Double-Bit Axe
14:07 Horse Collar
16:04 Wheelbarrow
16:31 Loom
16:55 Loom
20:43 Castle Age
19:06 Gold Mining
19:29 Bloodlines
20:31 Scale Barding Armor
20:48 Light Cavalry
21:52 Bow Saw
22:16 Chain Barding Armor
23:10 Husbandry
27:35 Heavy Plow
30:50 Hand Cart
32:24 Gold Shaft Mining
38:25 Imperial Age
36:51 Stone Mining
Connection lost

Rejoining the realm…

Still unreachable

The connection could not be restored.

Session expired

The server has moved on; the page needs a fresh start.